 Dungeon Crawl Stone Soup version 0.27.1 (webtiles) character file.

Game seed: 10726350008900448235

1076 DearestLeader the Reanimator (level 8, -5/68 HPs)
             Began as a Deep Dwarf Necromancer on Aug 23, 2021.
             Was an Initiate of Makhleb.
             Killed by divine providence
             ... invoked by an orc priest
              (9 damage)
             ... on level 6 of the Dungeon on Aug 24, 2021.
             The game lasted 00:16:18 (5361 turns).

DearestLeader the Reanimator (DDNe)                 Turns: 5361, Time: 00:16:19

Health: -5/68      AC: 10    Str: 12    XL:     8   Next: 8%
Magic:  11/11      EV: 11    Int: 18    God:    Makhleb [......]
Gold:   222        SH:  0    Dex: 13    Spells: 6/11 levels left

rFire    . . .     SeeInvis .   y - +0 war axe (freeze)
rCold    . . .     Faith    .   (no shield)
rNeg     + . .     Spirit   .   A - +0 ring mail
rPois    .         Reflect  .   i - +0 helmet
rElec    .         Harm     .   (no cloak)
rCorr    .         Rampage  .   h - +1 pair of gloves
Will     +....                  o - +0 pair of boots
Stlth    +.........             (no amulet)
HPRegen  0.00/turn              x - ring of positive energy
MPRegen  0.12/turn              (no ring)

@: no status effects
A: damage resistance, heal wounds, sense surroundings 1, no regeneration
a: Heal Wounds, Renounce Religion


You were on level 6 of the Dungeon.
You worshipped Makhleb.
Makhleb was noncommittal.
You visited 2 branches of the dungeon, and saw 7 of its levels.

You collected 222 gold pieces.

Inventory:

Hand Weapons
 j - a +1 vorpal mace
 y - a +0 war axe of freezing (weapon)
 B - a +0 rapier of speed
Missiles
 r - 7 javelins (quivered)
Armour
 h - a +1 pair of gloves (worn)
 i - a +0 helmet (worn)
 o - a +0 pair of boots (worn)
 A - a +0 ring mail (worn)
Jewellery
 p - an amulet of guardian spirit
 x - a ring of positive energy (left hand)
Wands
 q - a wand of acid (8)
Scrolls
 a - a scroll of amnesia {unknown}
 b - a scroll of fog {unknown}
 c - a scroll of teleportation {unknown}
 d - a scroll of brand weapon
 e - a scroll of immolation {unknown}
 f - 3 scrolls of identify {unknown}
 k - 2 scrolls of enchant weapon {unknown}
 l - a scroll of summoning {unknown}
 m - a scroll of torment {unknown}
 n - a scroll of enchant armour {unknown}
 t - a scroll of magic mapping {unknown}
 w - 5 scrolls of noise {unknown}
Potions
 g - a potion of cancellation
 s - a potion of degeneration {unknown}
 u - a potion of flight
 v - a potion of invisibility
 z - a potion of curing {unknown}
 C - a potion of resistance {unknown}


   Skills:
 + Level 2.4 Fighting
 + Level 2.9 Axes
 - Level 4.0 Armour
 - Level 2.1 Dodging
 - Level 2.4 Stealth
 - Level 2.0 Spellcasting
 * Level 9.3 Necromancy


You had 6 spell levels left.
You knew the following spells:

 Your Spells              Type           Power      Damage    Failure   Level
a - Pain                  Necr           100%       1d9       1%          1
b - Animate Skeleton      Necr           70%        N/A       1%          1
c - Vampiric Draining     Necr           17%        2d8       2%          3

Your spell library contained the following spells:

 Spells                   Type           Power      Damage    Failure   Level
 Sublimation of Blood     Necr           17%        N/A       1%          2
 Animate Dead             Necr           17%        N/A       9%          4
 Agony                    Necr           35%        N/A       24%         5
 Apportation              Tloc           2%         N/A       36%         1
 Corona                   Hex            1%         N/A       36%         1
 Summon Small Mammal      Summ           4%         N/A       36%         1
 Blink                    Tloc           N/A        N/A       50%         2
 Slow                     Hex            1%         N/A       50%         2
 Wereblood                Tmut           1%         N/A       50%         2
 Confusing Touch          Hex            1%         N/A       75%         3
 Gell's Gravitas          Tloc           0%         N/A       75%         3
 Inner Flame              Hex/Fire       1%         N/A       75%         3
 Lesser Beckoning         Tloc           0%         N/A       75%         3
 Teleport Other           Tloc           1%         N/A       75%         3
 Cause Fear               Hex            0%         N/A       98%         4
 Manifold Assault         Tloc           1%         N/A       100%        5
 Yara's Violent Unravell  Hex/Tmut       0%         3d3       100%        5
 Summon Hydra             Summ           0%         N/A       100%        7
 Discord                  Hex            0%         N/A       100%        8


Dungeon Overview and Level Annotations

Branches:
Dungeon (6/15)             Temple (1/1) D:5

Altars:
Ashenzari
Cheibriados
Elyvilon
Fedhas
Makhleb
Nemelex Xobeh
Qazlal
Sif Muna
Trog
Uskayaw
Vehumet
Xom
Yredelemnul

Shops:
D:1 [   D:6 :


Innate Abilities, Weirdness & Mutations

You are resistant to damage.
You can heal yourself by infusing magical energy.
You passively map a small area around you.
You do not regenerate.


Message History

You barely miss the necrophage.
The necrophage is heavily damaged.
The necrophage hits you but does no damage.
The necrophage closely misses you.
You hit the necrophage.
The necrophage is severely damaged.
You float gracefully downwards.
The necrophage hits you but does no damage.
You closely miss the necrophage.
The necrophage is severely damaged.
The necrophage barely misses you.
You closely miss the necrophage.
The necrophage is severely damaged.
The necrophage hits you but does no damage. x2
You hit the necrophage. You freeze the necrophage.
The necrophage is almost destroyed.
The necrophage barely misses you.
You closely miss the necrophage.
The necrophage is almost destroyed.
The necrophage barely misses you. x2
You hit the necrophage.
You destroy the necrophage!
Makhleb accepts your kill.
You have reached level 8!
You feel clever.
Really walk into a travel-excluded area?
There is an open door here.
You see here a necrophage corpse.
Found 6 gold pieces.
Found a scroll labelled ALOAWOMAJI.
A scorpion and an orc priest come into view.
Found a grey potion.
The orc priest shouts!
The orc priest mumbles some strange prayers to Beogh against you.
Beogh smites you!
* * * LOW HITPOINT WARNING * * *
You see here 6 gold pieces.
The orc priest invokes the aid of Beogh against you.
Beogh smites you!
You die...

####.#.#......#######.....#
*##.....#...# #.##### *
,###......## #†# ,**,
....#....# #.#
***##.#...#.# ####.######
#.#..#...## #.........# ,
.#........# #.......§.# ,
#.........# ##.P....≈^##
#####.#@..# #PPPPP.≈#≈§§
#.....$...# #.P_....._.§
!o#........# #.PPP..≈##≈§
#.#..#....####.P....≈.^# *
#.#...#...............# *
....#....#####.........#
.###......# #..........
....#..# #.........# *
#.#.....# #..........


You could see an orc priest.

Vanquished Creatures
  2 black bears (D:4)
  2 necrophages
  An ogre (D:4)
  A centaur (D:6)
  A bullfrog (D:6)
  A scorpion (D:6)
  A howler monkey (D:6)
  2 hounds (D:5)
  A jelly (D:6)
  2 orc priests
  A centaur skeleton (D:4)
  Terence (D:3)
  An iguana (D:6)
  5 gnolls
  6 adders
  An ufetubus (D:5)
  An adder skeleton (D:4)
  A worm (D:2)
  5 orcs
  4 ball pythons
  7 endoplasms
  2 giant cockroaches
  6 goblins
  2 hobgoblins
  2 jackals (D:1)
  5 quokkas
  6 bats
  3 frilled lizards
  10 kobolds
  5 rats
88 creatures vanquished.

Vanquished Creatures (others)
  2 fungi (D:1)
  4 plants (D:1)
6 creatures vanquished.

Grand Total: 94 creatures vanquished

Notes
Turn   | Place    | Note
-------+----------+-------------------------------------------
     0 | D:1      | DearestLeader the Deep Dwarf Necromancer began the quest
                  | for the Orb.
     0 | D:1      | Reached XP level 1. HP: 15/15 MP: 3/3
   122 | D:1      | Reached XP level 2. HP: 16/22 MP: 1/4
   141 | D:1      | Reached skill level 5 in Necromancy
   344 | D:1      | Learned a level 1 spell: Animate Skeleton
   347 | D:1      | Found Ner Ekle's Antique Armour Boutique.
   893 | D:2      | Reached XP level 3. HP: 12/28 MP: 3/6
   897 | D:2      | Learned a level 3 spell: Vampiric Draining
  1342 | D:2      | Reached skill level 6 in Necromancy
  1383 | D:2      | Reached XP level 4. HP: 35/36 MP: 0/7
  1542 | D:2      | Reached skill level 1 in Armour
  2265 | D:3      | You fall into a shaft and drop 3 floors!
  2300 | D:5      | Entered Level 5 of the Dungeon
  2337 | D:5      | Reached XP level 5. HP: 39/42 MP: 1/8
  2412 | D:5      | Found a white marble altar of Elyvilon.
  2578 | D:4      | Found a bloodstained altar of Trog.
  2578 | D:4      | Noticed a black bear
  2578 | D:4      | Noticed a black bear
  2669 | D:3      | Found a snail-covered altar of Cheibriados.
  2881 | D:3      | Noticed Terence
  2901 | D:3      | Killed Terence
  2902 | D:3      | Reached skill level 7 in Necromancy
  3172 | D:3      | Found a shimmering altar of Xom.
  3308 | D:3      | Found a broken altar of Ashenzari.
  3382 | D:4      | Noticed an ogre
  3403 | D:4      | Killed an ogre
  3404 | D:4      | Reached XP level 6. HP: 14/49 MP: 0/9
  3605 | D:4      | Found a sparkling altar of Nemelex Xobeh.
  3637 | D:4      | Reached skill level 8 in Necromancy
  3846 | D:4      | Reached XP level 7. HP: 33/56 MP: 2/10
  4028 | D:4      | You fall into a shaft and drop 1 floor!
  4074 | D:4      | Reached skill level 1 in Axes
  4745 | D:5      | Reached skill level 1 in Fighting
  4792 | D:5      | Found a staircase to the Ecumenical Temple.
  4803 | Temple   | Entered the Ecumenical Temple
  4816 | Temple   | Became a worshipper of Makhleb the Destroyer
  4958 | D:5      | Noticed a two-headed ogre
  5037 | D:6      | Found a stormy altar of Qazlal.
  5038 | D:6      | Found a blossoming altar of Fedhas.
  5193 | D:6      | Found Luaclaj's Book Shoppe.
  5235 | D:6      | Reached skill level 9 in Necromancy
  5303 | D:6      | Reached XP level 8. HP: 16/68 MP: 6/11
  5361 | D:6      | Killed from afar by an orc priest

Illustrated notes

Levels and vault maps discovered:
D:1:      wander_arrival_fairy_ring, layout_rooms, serial_shops, shop_fountains,
          minmay_misc_feat_room
D:2:      layout_loops_ring
D:3:      layout_basic, general_overflow_altar, nicolae_ashenzari_panopticon,
          nicolae_overflow_crystal_walls, uniq_terence
D:4:      layout_gridville, mainiacjoe_overflow_surrounded_room,
          trog_ov_bears_minmay, minmay_pentangle
D:5:      layout_loops_corners, mainiacjoe_overflow_concentric_impassable,
          minmay_temple_entry_glassed_door
D:6:      lemuel_ice_spiral_2, layout_basic,
          grunt_temple_overflow_forces_of_nature, serial_shops,
          nicolae_diamond_shop, grunt_decor_arrowhead, minmay_increasing_density
Temple:   dpeg_three_leaves_temple

Skill      XL: |  1  2  3  4  5  6  7 |
---------------+----------------------+-----
Necromancy     | 5 6 7 8 9 |  9.3
Spellcasting   | 2 |  2.0
Armour         | 1 2 3 4 |  4.0
Axes           | 2 |  2.9
Fighting       | 2 |  2.4
Dodging        | |  2.1
Stealth        | |  2.4

Action                   |  1- 3 |  4- 6 |  7- 9 || total
-------------------------+-------+-------+-------++-------
Melee: Hand axe          |     7 |       |       ||     7
       Mace              |    26 |    65 |       ||    91
       Whip              |     3 |       |       ||     3
       War axe           |       |     3 |    62 ||    65
 Cast: Pain              |    45 |    20 |     3 ||    68
       Vampiric Draining |     8 |    26 |    18 ||    52
  Use: Scroll            |       |     2 |       ||     2
       Potion            |       |       |     3 ||     3
 Stab: Sleeping          |     2 |     3 |       ||     5
Armor: Robe              |    14 |       |       ||    14
       Leather armour    |     1 |    42 |     8 ||    51
       Ring mail         |       |       |    53 ||    53
Dodge: Dodged            |    45 |    83 |    78 ||   206
